Map: Troizinia LE

Players

HotlineBling

  • Race: Zerg Zerg
  • League: Gold
  • Spawn Location: 5:00

TreeBreaker

  • Race: Terran Terran
  • League: Gold
  • Spawn Location: 5:00

JaySlays

  • Race: Protoss Protoss
  • Spawn Location: 3:00

Wolf

  • Race: Zerg Zerg
  • League: Diamond
  • Spawn Location: 6:00

SpartanWilly

  • Race: Terran Terran
  • Spawn Location: 9:00

Blushiftd

  • Race: Protoss Protoss
  • Spawn Location: 11:00

Sync

  • Race: Zerg Zerg
  • Spawn Location: 11:00

Caps

  • Race: Zerg Zerg
  • Spawn Location: 12:00

VOD

Have the link to the VOD?

Description

Time

  • Played on: April 16, 2018, 11:06 p.m.
  • Length: 4:14
Show
View Real Time Build Order
Export as new Build Order

HotlineBling Zerg 

Build Orders: Hatch First 

Get SALT Encoding   

  12  0:02  Drone  
  13  0:12  Overlord  
  13  0:18  Drone  
  14  0:30  Drone  
  14  0:32  Drone  
  14  0:35  Drone  
  17  0:54  Hatchery  
  17  0:56  Drone  
  17  0:59  Extractor  
  17  1:01  Drone  
  17  1:16  Spawning Pool  
  16  1:19  Drone  
  16  1:25  Drone  
  18  1:34  Drone  
  19  1:44  Drone  
  20  2:08  Drone x2  
  20  2:09  Drone  
  23  2:16  Drone x2  
  25  2:23  Queen, Metabolic Boost  
  25  2:25  Overlord  
  27  2:30  Extractor, Queen  
  27  2:31  Overlord  
  29  2:44  Zergling x4  
  29  2:45  Zergling x2  
  29  2:49  Evolution Chamber  
  29  2:50  Zergling x2  
  32  2:54  Zergling x2  
  33  3:07  Zergling x4  
  35  3:31  Zergling x8  
  38  3:39  Zergling x2  
  38  3:40  Zergling x4  
  41  3:44  Drone x3  
Show
View Real Time Build Order
Export as new Build Order

TreeBreaker Terran 

Build Orders: Hellion Opening 

Get SALT Encoding   

  12  0:26  SCV  
  13  0:30  Supply Depot  
  13  0:33  Refinery  
  13  0:35  Refinery  
  13  0:38  SCV  
  14  0:50  SCV  
  14  0:56  Barracks  
  15  1:02  SCV  
  16  1:14  SCV  
  17  1:26  SCV  
  18  1:44  Factory, Orbital Command  
  18  1:55  Barracks Reactor  
  18  2:00  Supply Depot  
  18  2:10  SCV  
  19  2:22  SCV  
  20  2:41  Hellion x2  
  20  2:42  Factory, Barracks Reactor  
  20  2:43  SCV  
  25  2:48  Supply Depot  
  25  2:55  SCV  
  26  3:03  Hellion  
  30  3:06  Hellion  
  30  3:07  SCV  
  31  3:19  SCV  
  32  3:20  Supply Depot  
  32  3:24  Hellion  
  34  3:34  Cyclone  
  37  3:42  Cyclone  
  37  3:47  Hellion  
  42  4:01  SCV  
Show
View Real Time Build Order
Export as new Build Order

JaySlays Protoss 

Build Orders:  

Get SALT Encoding   

  12  0:05  Probe (Chrono Boost)  
  13  0:13  Pylon  
  13  0:17  Probe (Chrono Boost)  
  14  0:27  Probe  
  15  0:36  Gateway  
  15  0:40  Probe  
  16  0:52  Probe  
  18  1:04  Probe (Chrono Boost)  
  18  1:13  Assimilator  
  18  1:14  Assimilator  
  18  1:16  Probe (Chrono Boost)  
  19  1:19  Pylon  
  19  1:25  Probe (Chrono Boost)  
  20  1:26  Cybernetics Core  
  20  1:30  Probe  
  21  1:51  Probe  
  22  1:59  Nexus  
  22  2:03  Warp Gate (Chrono Boost)  
  22  2:10  Probe  
  23  2:21  Gateway  
  23  2:38  Gateway  
  23  2:44  Gateway  
  23  2:45  Probe  
  24  2:52  Adept  
  26  3:00  Twilight Council  
  26  3:14  Gateway  
  26  3:26  Adept (Chrono Boost)  
  26  3:27  Adept (Chrono Boost)  
  30  3:34  Probe x2  
  32  3:46  Probe x2  
  32  3:47  Adept (Chrono Boost)  
Show
View Real Time Build Order
Export as new Build Order

Wolf Zerg 

Build Orders: 3 Hatch before Pool 

Get SALT Encoding   

  12  0:02  Drone  
  13  0:12  Overlord  
  13  0:17  Drone  
  14  0:30  Drone  
  14  0:32  Drone  
  16  0:38  Drone  
  17  0:56  Hatchery  
  16  1:18  Hatchery  
  15  1:20  Drone  
  15  1:24  Drone  
  17  1:39  Extractor  
  16  1:44  Spawning Pool  
  16  1:46  Drone x2  
  17  1:50  Drone  
  18  2:00  Drone  
  19  2:15  Drone x2  
  21  2:34  Queen  
  23  2:42  Queen  
  25  2:45  Drone  
  25  2:49  Hatchery  
  25  2:52  Drone  
  25  2:58  Queen  
  28  3:16  Drone  
  28  3:17  Drone x5  
  33  3:20  Drone  
  25  3:38  Drone x5  
Show
View Real Time Build Order
Export as new Build Order

SpartanWilly Terran 

Build Orders:  

Get SALT Encoding   

  12  0:02  SCV  
  13  0:14  SCV  
  14  0:26  Supply Depot  
  14  0:27  SCV  
  15  0:48  SCV  
  16  0:52  Barracks  
  16  1:00  SCV  
  17  1:12  SCV  
  17  1:18  Barracks  
  18  1:31  Command Center  
  18  1:42  Marine, Supply Depot  
  18  1:46  SCV  
  20  1:59  Barracks  
  20  2:00  Marine  
  21  2:04  Marine  
  22  2:18  Marine  
  22  2:22  Marine  
  24  2:24  Supply Depot  
  24  2:27  Orbital Command  
  24  2:35  Marine  
  25  2:48  Orbital Command  
  25  2:50  Marine  
  26  2:53  Marine  
  26  2:56  Marine  
  28  3:06  Engineering Bay  
  28  3:08  Marine, Refinery  
  28  3:11  Marine  
  28  3:12  Refinery  
  30  3:16  Marine  
  31  3:24  SCV  
  31  3:26  Marine  
  33  3:29  Marine, SCV  
  35  3:36  SCV  
  36  3:46  Missile Turret  
  36  3:49  Missile Turret  
  36  3:54  Missile Turret  
  36  4:01  Missile Turret  
  37  4:08  Missile Turret  
Show
View Real Time Build Order
Export as new Build Order

Blushiftd Protoss 

Build Orders: Nexus First 

Get SALT Encoding   

  12  0:02  Probe (Chrono Boost)  
  13  0:13  Probe (Chrono Boost)  
  14  0:19  Probe  
  14  0:20  Pylon  
  15  0:38  Probe  
  16  0:56  Nexus  
  16  0:59  Probe (Chrono Boost)  
  17  1:09  Probe (Chrono Boost)  
  18  1:14  Probe (Chrono Boost)  
  19  1:20  Forge  
  19  1:25  Probe  
  20  1:32  Gateway  
  20  1:37  Probe  
  21  1:46  Pylon  
  21  1:49  Probe  
  22  1:56  Photon Cannon  
  22  2:01  Probe  
  22  2:04  Assimilator  
  22  2:07  Assimilator  
  23  2:14  Probe (Chrono Boost)  
  25  2:16  Probe (Chrono Boost)  
  25  2:25  Probe (Chrono Boost)  
  25  2:26  Probe (Chrono Boost)  
  27  2:31  Probe x2 (Chrono Boost)  
  27  2:34  Photon Cannon  
  29  2:39  Assimilator  
  29  2:42  Assimilator  
  29  2:50  Probe x2, Cybernetics Core  
  31  3:02  Probe x2  
  33  3:14  Pylon  
  33  3:15  Probe (Chrono Boost)  
  33  3:18  Probe (Chrono Boost)  
  35  3:27  Probe (Chrono Boost)  
  37  3:28  Probe (Chrono Boost)  
  37  3:29  Stargate x2  
  37  3:31  Probe (Chrono Boost)  
  37  3:33  Probe (Chrono Boost)  
  38  3:41  Probe  
  40  3:44  Stargate  
  40  3:45  Probe  
  41  3:53  Probe  
  42  3:57  Stargate  
  42  3:58  Probe  
  44  4:14  Pylon  
Show
View Real Time Build Order
Export as new Build Order

Sync Zerg 

Build Orders: Hatch First 

Get SALT Encoding   

  12  0:08  Overlord  
  12  0:13  Drone  
  13  0:17  Drone  
  14  0:26  Drone  
  15  0:32  Drone  
  16  0:42  Drone  
  17  0:59  Drone  
  18  1:06  Extractor  
  18  1:07  Hatchery  
  18  1:08  Drone  
  17  1:15  Drone  
  18  1:24  Spawning Pool  
  17  1:29  Drone  
  18  1:37  Drone  
  19  1:47  Drone  
  20  1:59  Drone  
  21  2:03  Extractor  
  21  2:07  Drone  
  21  2:19  Roach Warren  
  20  2:23  Evolution Chamber  
  20  2:25  Drone  
  20  2:26  Drone  
  20  2:27  Evolution Chamber  
  20  2:31  Drone x2  
  22  2:40  Lair  
  22  2:41  Queen  
  22  2:43  Drone x2  
  26  2:55  Drone  
  26  2:56  Drone  
  28  3:03  Overlord  
  28  3:17  Overlord  
  32  3:27  Roach x2  
  32  3:29  Roach  
  34  3:37  Zergling x2, Roach  
  37  3:46  Drone  
  40  3:48  Drone  
Show
View Real Time Build Order
Export as new Build Order

Caps Zerg 

Build Orders: Pool First 

Get SALT Encoding   

  12  0:15  Drone x2  
  14  0:24  Extractor x2, Drone  
  14  0:27  Drone  
  16  0:40  Spawning Pool  
  15  1:03  Hatchery  
  14  1:09  Extractor, Drone  
  14  1:16  Overlord  
  14  1:34  Drone, Queen  
  14  1:37  Drone  
  18  1:42  Drone  
  18  1:46  Drone  
  20  2:08  Overlord  
  20  2:15  Queen  
  22  2:16  Zergling x2  
  22  2:17  Zergling x2  
  22  2:18  Zergling x2  
  25  2:31  Drone  
  25  2:32  Drone  
  25  2:36  Zergling x2  
  28  2:42  Baneling Nest  
  27  2:46  Zergling x6  
  27  2:50  Zergling x2  
  31  2:59  Zergling x4  
  31  3:00  Zergling x2  
  34  3:22  Drone  
  34  3:23  Drone  
  34  3:25  Overlord  
  36  3:28  Overlord  
  36  3:35  Baneling x2  
  36  3:36  Baneling x4  
  36  3:43  Overlord  
  36  3:47  Drone  
  36  3:48  Drone  
Tags
 
Add a new tag
Caveats
  • Supply blocks, unpowered buildings, or Contaminate may cause inaccurate times.
  • Supply counts are checked every 10 seconds.